 Dungeon Crawl Stone Soup version 0.29.1-2-gbd0b4ee654 (webtiles) character file.

Game seed: 2337420214083112883

13731 TorpidAnima the Fighter (level 11, -4/102 (104) HPs)
             Began as a Minotaur Berserker on Nov 7, 2022.
             Was an Elder of Trog.
             Killed by divine providence
             ... invoked by a smoke demon
             ... summoned by an orc sorcerer
              (9 damage)
             ... on level 2 of the Orcish Mines on Nov 15, 2022.
             The game lasted 01:43:58 (15128 turns).

TorpidAnima the Fighter (Minotaur Berserker)       Turns: 15128, Time: 01:43:59

HP:   -4/102 (104)  AC: 15    Str: 25    XL:     11   Next: 79%
MP:   10/10         EV: 16    Int:  4    God:    Trog [****..]
Gold: 947           SH:  0    Dex: 11    Spells: 10/10 levels left

rFire   + . .      SeeInvis .   R - +0 war axe
rCold   + . .      Faith    .   (no shield)
rNeg    . . .      Spirit   .   Z - +0 chain mail {rPois}
rPois   +          Reflect  .   (helmet restricted)
rElec   .          Harm     .   y - +0 cloak
rCorr   .          Rampage  .   (no gloves)
Will    .....                   C - +0 pair of boots
Stlth   ..........              g - amulet of regeneration
HPRegen 1.07/turn               E - +4 ring of evasion
MPRegen 0.12/turn               z - ring of Lixomev {rF+ rC+}

@: on berserk cooldown, hasted and slowed, lightly drained
A: horns 2, retaliatory headbutt
a: Renounce Religion, Berserk, Trog's Hand, Brothers in Arms


You were on level 2 of the Orcish Mines.
You worshipped Trog.
Trog was greatly pleased with you.
You visited 3 branches of the dungeon, and saw 14 of its levels.

You collected 971 gold pieces.
You spent 24 gold pieces at shops.


Innate Abilities, Weirdness & Mutations

You have a pair of horns on your head.
You reflexively headbutt those who attack you in melee.


   Skills:
 + Level 12.1 Fighting
 + Level 12.0 Axes
 + Level 11.7 Armour
 + Level 10.8 Dodging


You had 10 spell levels left.
You didn't know any spells.
Your spell library contained the following spells:

 Spells                   Type           Power      Damage    Failure   Level
 Beastly Appendage        Tmut           0%         N/A       95%         1
 Necrotise                Necr           0%         1d4       95%         1
 Shock                    Conj/Air       0%         1d3       95%         1
 Ensorcelled Hibernation  Hex/Ice        0%         N/A       99%         2
 Passwall                 Tmut/Erth      0%         N/A       99%         2
 Wereblood                Tmut           0%         N/A       99%         2
 Spider Form              Tmut/Pois      0%         N/A       100%        3
 Swiftness                Air            0%         N/A       100%        3
 Vampiric Draining        Necr           0%         2d6       100%        3
 Airstrike                Air            0%         2d(0-16)  100%        4
 Leda's Liquefaction      Hex/Erth       0%         N/A       100%        4
 Passage of Golubria      Tloc           0%         N/A       100%        4
 Agony                    Necr           0%         N/A       100%        5
 Lee's Rapid Deconstruct  Erth           0%         3d5*      100%        5
 Silence                  Hex/Air        0%         N/A       100%        5
 Conjure Ball Lightning   Conj/Air       0%         3x3d6     100%        6
 Statue Form              Tmut/Erth      0%         N/A       100%        6
 Discord                  Hex            0%         N/A       100%        8
 Disjunction              Tloc           0%         N/A       100%        8
 Lehudib's Crystal Spear  Conj/Erth      0%         10d2      100%        8

Inventory:

Hand Weapons
 d - a +4 hand axe
   (You took it off an orc warrior on level 2 of the Orcish Mines)
 x - a +0 hand axe of holy wrath
   (You found it on level 10 of the Dungeon)
 M - a +0 hand axe of freezing
   (You found it on level 6 of the Dungeon)
 R - a +0 war axe (weapon)
   (You found it on level 10 of the Dungeon)
 Y - a +0 battleaxe
   (You took it off an orc knight on level 1 of the Orcish Mines)
Missiles
 u - 31 poisoned darts
 w - 2 throwing nets {=f!f}
 D - 26 boomerangs
Armour
 b - a +0 leather armour
   (You took it off an orc on level 2 of the Orcish Mines)
 y - a +0 cloak (worn)
   (You found it on level 6 of the Dungeon)
 C - a +0 pair of boots (worn)
   (You found it on level 5 of the Dungeon)
 Q - a +4 chain mail of cold resistance
   (You took it off an orc warrior on level 2 of the Orcish Mines)
 V - a +0 leather armour
   (You took it off an orc on level 2 of the Orcish Mines)
 Z - a +0 chain mail of poison resistance (worn)
   (You took it off an orc warrior on level 2 of the Orcish Mines)
Jewellery
 g - an amulet of regeneration (around neck)
   (You found it on level 9 of the Dungeon)
 z - the ring of Lixomev (right hand) {rF+ rC+}
   (You found it on level 4 of the Dungeon)

   [ring of protection from fire]

   rF:        It protects you from fire.
   rC:        It protects you from cold.
 E - a +4 ring of evasion (left hand)
   (You found it on level 2 of the Dungeon)
 L - a ring of flight
   (You found it on level 3 of the Dungeon)
 N - a ring of positive energy
   (You found it on level 3 of the Dungeon)
 P - a ring of poison resistance
   (You found it on level 10 of the Dungeon)
Wands
 a - a wand of polymorph (4)
   (You found it on level 6 of the Dungeon)
 o - a wand of paralysis (9)
   (You found it on level 3 of the Dungeon)
 H - a wand of iceblast (13)
   (You found it on level 8 of the Dungeon)
 I - a wand of digging (7)
   (You found it on level 10 of the Dungeon)
 K - a wand of flame (13) (quivered)
   (You found it on level 6 of the Dungeon)
Scrolls
 c - 5 scrolls of teleportation {@r4}
 f - 4 scrolls of amnesia
 h - a scroll of fear {unknown}
 k - a scroll of silence {!r}
 l - 2 scrolls of immolation {!r!r}
 m - a scroll of magic mapping {unknown}
 p - 3 scrolls of noise {!r}
 q - a scroll of fog {unknown}
 s - a scroll of brand weapon {unknown}
 A - a scroll of enchant weapon {unknown}
 G - a scroll of poison {unknown}
 J - a scroll of enchant armour {unknown}
 O - a scroll of blinking {unknown}
 U - a scroll of vulnerability {unknown}
Potions
 e - a potion of curing {@q1}
 j - 2 potions of berserk rage {!q}
 n - a potion of might
 r - a potion of flight {unknown}
 t - a potion of ambrosia
 B - a potion of lignification {!q}
 F - 2 potions of mutation {unknown}
 S - a potion of brilliance
 T - a potion of resistance {unknown}
Miscellaneous
 i - a piece from Xom's chessboard (15/15)
   (You found it on level 9 of the Dungeon)

Dungeon Overview and Level Annotations

Branches:
Dungeon (11/15) Zot: 26570  Temple (1/1) D:5 Zot: 5990     Orc (2/2) D:9 Zot: 9228
    Elf (0/3) Orc:2
   Lair: D:8-11

Altars:
Ashenzari
Elyvilon
Hepliaklqana
Kikubaaqudgha
Makhleb
Nemelex Xobeh
Qazlal
Ru
Uskayaw
Vehumet
Wu Jian
Xom
The Shining One

Shops:
D:8 *[   Orc:2 ?*

Portals:
Abyss: D:8

Annotations:
D:8 2 transporters, RascalDebosk's ghost, journeyman DjAE

#......#.........................
#................................
.................>...............
...##............................
....#............[[..............
##......#.)......................
#......#.........................
##............#..................
###...#.###.###@o...............
####...### ### ##................
#.###...## ##...............
.........# ##.3............
........## ##.............
.#......# o#o###o...........
###..#### oo..###........... ####
#o..###..........
#...###3........


You could see a smoke demon (summoned), an orc sorcerer and an orc warrior.


Message History

You regained 2 hp, and now have 59/104 hp. 😮 HP[+2]
You regained 2 hp, and now have 61/104 hp.
The orc priest mumbles some strange prayers to Beogh against you.
Beogh smites you!
* * * LOW HITPOINT WARNING * * *
The orc priest invokes the aid of Beogh against you.
Beogh smites you!
* * * LOW HITPOINT WARNING * * *
😨 HP[-24]
You take 24 damage, and now have 37/104 hp.
MASSIVE DAMAGE!! (PAUSE)
Things that are here:
a +0 mace; a +0 flail; a +0 plate armour 😨 HP[+2]
You regained 2 hp, and now have 39/104 hp.
The orc priest invokes the aid of Beogh against you.
Beogh smites you!
* * * LOW HITPOINT WARNING * * *
The orc sorcerer casts a spell at you. You resist with significant effort.
Things that are here:
a +0 short sword; a +0 scale mail; an orc corpse 😱 HP[-13]
You take 13 damage, and now have 26/104 hp. 😨 HP[+2]
You regained 2 hp, and now have 28/104 hp. 😨 HP[+2]
You regained 2 hp, and now have 30/104 hp. 😨 HP[+1]
You see here a +3 dagger of venom. 😨 HP[+2]
You regained 2 hp, and now have 33/104 hp.
Things that are here:
a +0 leather armour; a +0 flail; 😨 HP[+2]
You regained 2 hp, and now have 35/104 hp. 😨 HP[+1]
The orc sorcerer points at you and mumbles some strange words.
The bolt of fire misses you. 😨 HP[+2]
You regained 2 hp, and now have 38/104 hp.
The orc sorcerer casts a spell at you. The bolt of negative energy hits you!
You feel drained.
* * * LOW HITPOINT WARNING * * *
😨 HP[-7]
You now have 102 max hp (-2).
You take 7 damage, and now have 31/102 hp.
The orc sorcerer points at you and mumbles some strange words.
The bolt of fire misses you. 😨 HP[+2]
You regained 2 hp, and now have 33/102 hp. 😨 HP[+2]
You regained 2 hp, and now have 35/102 hp. 😨 HP[+1]
The orc sorcerer mumbles some strange words. 😨 HP[+2]
You regained 2 hp, and now have 38/102 hp. 😨 HP[+1] 😨 HP[+2]
You regained 2 hp, and now have 41/102 hp. 😨 HP[+2]
You regained 2 hp, and now have 43/102 hp. 😨 HP[+1]
The orc sorcerer mumbles some strange words. 😨 HP[+2]
You regained 2 hp, and now have 46/102 hp.
The orc sorcerer casts a spell. 😨 HP[+1] 😨 HP[+2]
You regained 2 hp, and now have 49/102 hp.
You feel yourself speed up.
The orc warrior hits you with a +0 hand axe!
* * * LOW HITPOINT WARNING * * *
The smoke demon gestures at you. Something smites you!
* * * LOW HITPOINT WARNING * * *
😨 HP[-16]
You take 16 damage, and now have 33/102 hp.
The orc sorcerer casts a spell at you. The bolt of fire hits you!! You resist.
* * * LOW HITPOINT WARNING * * *
😱 HP[-17]
You take 17 damage, and now have 16/102 hp.
The orc warrior attacks as you move away!
The orc warrior hits you with a +0 hand axe.
* * * LOW HITPOINT WARNING * * *
😱 HP[-2]
You take 2 damage, and now have 14/102 hp. 😱 HP[+1]
The smoke demon gestures at you. Something smites you!
* * * LOW HITPOINT WARNING * * *
😱 HP[-11]
You take 11 damage, and now have 4/102 hp.
The orc warrior attacks as you move away!
The orc warrior barely misses you. The smoke demon gestures at you.
Something smites you!
You die...

Skill      XL: |  1  2  3  4  5  6  7  8  9 10 11 |
---------------+----------------------------------+-----
Fighting       | 4 5 6 8 9 10 12 | 12.1
Axes           | 4 5 6 7 9 10 12 | 12.0
Armour         | 3 4 5 6 7 9 10 11 | 11.7
Dodging        | 3 4 5 6 8 9 10 | 10.8

Action                   |  1- 3 |  4- 6 |  7- 9 | 10-12 || total
-------------------------+-------+-------+-------+-------++-------
Melee: Hand axe          |    88 |    94 |   300 |   137 ||   619
       Headbutt          |    24 |    11 |    62 |   101 ||   198
       Punch             |     2 |       |     5 |     4 ||    11
       War axe           |       |       |       |   281 ||   281
       Battleaxe         |       |       |       |    21 ||    21
Throw: Stone             |       |     2 |    27 |       ||    29
       Dart              |       |       |    58 |    63 ||   121
       Boomerang         |       |       |       |     5 ||     5
Invok: Berserk           |       |     2 |    11 |    15 ||    28
       Trog's Hand       |       |     1 |       |     3 ||     4
Evoke: Wand              |       |       |       |     9 ||     9
  Use: Scroll            |       |     2 |     8 |     3 ||    13
       Potion            |       |       |       |     3 ||     3
 Stab: Sleeping          |     1 |       |       |       ||     1
Armor: Animal skin       |     9 |       |       |       ||     9
       Leather armour    |     4 |       |       |       ||     4
       Chain mail        |       |    35 |   119 |   147 ||   301
Dodge: Dodged            |    54 |    54 |   221 |   376 ||   705

Levels and vault maps discovered:
D:1:      shiori_arrival_oz, layout_loops_ring,
          dreamdust_ecumenical_altar_grove, chequers_big_river,
          serial_bayou_pond_c, amcnicky_mini_rare_corridor_liquid
D:2:      layout_basic, grunt_ministairs_15
D:3:      minmay_door_path, layout_loops_ring, serial_co_window_serial,
          co_window_of_opportunity_a, co_window_corner_a, co_window_corner_a,
          co_window_cross_1, co_window_paths_b, co_window_paths_a,
          co_window_paths_a, co_window_broadway_b, co_window_cross_2,
          co_window_unsneaky_path_c, co_window_2corner, glass_columns_a,
          glass_columns_a, minmay_between, uniq_grinder
D:4:      layout_loops_ring, mainiacjoe_overflow_paths,
          mainiacjoe_overflow_big_doors, dreamdust_gnoll_farm, uniq_sigmund,
          uniq_edmund
D:5:      layout_basic, nicolae_uskayaw_murder_on_the_dancefloor,
          mainiacjoe_overflow_alcove_1, minmay_temple_entry_fiery
D:6:      layout_basic, mainiacjoe_overflow_alcove_4, lightli_minifort
D:7:      layout_basic, lemuel_round_altar, enter_ossuary_2
D:8:      layout_loops_cross, nicolae_qazlal_eye_of_the_storm, serial_shops,
          shop, shop, gammafunk_ghost_abyssal_escape, st_stairs_1
D:9:      layout_loops_ring, minmay_orc_entry_guard_dogs,
          dreamdust_gnoll_shepherd
D:10:     layout_long_grid, kennysheep_mini_moat
D:11:     layout_cave_pods, dpeg_oklobed_lair, serial_shops,
          nicolae_shop_bloodbath_and_beyond, tgw_fedhas, uniq_sonja, uniq_fannar
Temple:   compressed_dpeg_triangle_lava_temple
Orc:1:    layout_diamond_mine, rock_pile
Orc:2:    pf_orc_diabolical, layout_diamond_mine

Notes
Turn   | Place    | Note
-------+----------+-------------------------------------------
     0 | D:1      | TorpidAnima the Minotaur Berserker began the quest for the
                  | Orb.
     0 | D:1      | Reached XP level 1. HP: 19/19 MP: 0/0
     0 | D:1      | magus.rc [v1.11.3]
    95 | D:1      | Found a faded altar of an unknown god.
    98 | D:1      | Reached XP level 2. HP: 18/27 MP: 1/1
   455 | D:1      | Reached skill level 4 in Fighting
   455 | D:1      | Reached skill level 4 in Axes
   492 | D:1      | Reached skill level 3 in Armour
   644 | D:1      | Reached XP level 3. HP: 33/33 MP: 2/2
   778 | D:1      | Reached ** piety under Trog
  1517 | D:2      | Reached skill level 3 in Dodging
  1517 | D:2      | Reached XP level 4. HP: 35/40 MP: 3/3
  2901 | D:3      | Noticed Grinder
  2903 | D:3      | Paralysed by Grinder for 2 turns
  2921 | D:3      | Paralysed by Grinder for 3 turns
  2930 | D:3      | Killed Grinder
  2931 | D:3      | Reached skill level 5 in Fighting
  2931 | D:3      | Reached skill level 5 in Axes
  2931 | D:3      | Reached skill level 4 in Armour
  2931 | D:3      | Reached skill level 4 in Dodging
  2931 | D:3      | Reached XP level 5. HP: 23/48 MP: 4/4
  2931 | D:3      | Reached XP level 6. HP: 27/56 MP: 5/5
  3335 | D:3      | You pick up a book of Necromancy {forbidden} and begin
                  | reading...
  3335 | D:3      | You add the spells Necrotise, Vampiric Draining and Agony
                  | to your library.
  3546 | D:4      | Noticed Edmund
  3597 | D:4      | You pick up a book of Chaos {forbidden} and begin
                  | reading...
  3597 | D:4      | You add the spells Conjure Ball Lightning, Disjunction and
                  | Discord to your library.
  3608 | D:4      | Noticed Sigmund
  3615 | D:4      | Killed Sigmund
  3616 | D:4      | Reached skill level 5 in Armour
  3682 | D:4      | Reached XP level 7. HP: 41/62 MP: 6/6
  4085 | D:4      | Found a burning altar of Makhleb.
  4109 | D:4      | Found a white marble altar of Elyvilon.
  4166 | D:4      | Killed Edmund
  4167 | D:4      | Reached skill level 6 in Fighting
  4167 | D:4      | Reached skill level 6 in Axes
  4372 | D:4      | Reached skill level 5 in Dodging
  4402 | D:4      | Identified the ring of Lixomev {rF+ rC+}
  4464 | D:4      | Found a glowing golden altar of the Shining One.
  4651 | D:5      | Entered Level 5 of the Dungeon
  4934 | D:5      | Found a hide-covered altar of Uskayaw.
  4951 | D:5      | Reached skill level 6 in Armour
  4967 | D:5      | Reached XP level 8. HP: 71/71 MP: 7/7
  5017 | D:5      | You pick up a book of Burglary {forbidden} and begin
                  | reading...
  5017 | D:5      | You add the spells Passwall, Ensorcelled Hibernation and
                  | Swiftness to your library.
  5406 | D:5      | Found an ancient bone altar of Kikubaaqudgha.
  5460 | D:5      | Found a staircase to the Ecumenical Temple.
  5466 | Temple   | Entered the Ecumenical Temple
  5846 | D:6      | Reached skill level 7 in Fighting
  5846 | D:6      | Reached skill level 7 in Axes
  6084 | D:6      | Reached skill level 6 in Dodging
  6398 | D:6      | Reached skill level 7 in Armour
  6863 | D:6      | Reached skill level 8 in Fighting
  6863 | D:6      | Reached XP level 9. HP: 81/81 MP: 8/8
  6934 | D:6      | Found a hazy altar of Hepliaklqana.
  7041 | D:6      | Reached skill level 8 in Axes
  7610 | D:7      | Reached skill level 7 in Dodging
  7665 | D:7      | Reached skill level 8 in Armour
  7893 | D:7      | magus.rc [v1.11.3]
  7973 | D:7      | You pick up a book of the Earth {forbidden} and begin
                  | reading...
  7973 | D:7      | You add the spells Leda's Liquefaction, Lee's Rapid
                  | Deconstruction and Statue Form to your library.
  8277 | D:7      | Reached *** piety under Trog
  8568 | D:7      | Found a sacrificial altar of Ru.
  8793 | D:7      | You pick up a book of Air {forbidden} and begin reading...
  8793 | D:7      | You add the spells Shock and Airstrike to your library.
  8952 | D:8      | Found a transporter.
  8981 | D:8      | Reached skill level 9 in Fighting
  9010 | D:8      | Reached skill level 9 in Axes
  9083 | D:8      | Found a one-way gate to the infinite horrors of the Abyss.
  9083 | D:8      | Noticed a cyan ugly thing
  9083 | D:8      | Noticed RascalDebosk's ghost (journeyman DjAE)
  9093 | D:8      | Found a transporter.
  9134 | D:8      | Found Paico Davvi's General Store.
  9142 | D:8      | Bought a scroll of identify for 24 gold pieces
  9163 | D:8      | Identified the +1 robe of Refuge {Str+3}
  9342 | D:8      | You pick up a book of Changes {forbidden} and begin
                  | reading...
  9342 | D:8      | You add the spells Beastly Appendage, Wereblood and Spider
                  | Form to your library.
  9365 | D:8      | Found a stormy altar of Qazlal.
  9392 | D:8      | Reached skill level 8 in Dodging
  9549 | D:8      | Found Wuryq Huh's Armour Boutique.
  9778 | D:9      | Reached skill level 9 in Armour
  9778 | D:9      | Reached XP level 10. HP: 71/91 MP: 9/9
  9810 | D:9      | HP: 22/92 [yak (6)]
 10105 | D:9      | You pick up a book of the Moon {forbidden} and begin
                  | reading...
 10105 | D:9      | You add the spells Passage of Golubria, Silence and
                  | Lehudib's Crystal Spear to your library.
 10170 | D:9      | Reached skill level 10 in Fighting
 10183 | D:9      | Reached skill level 10 in Axes
 10573 | D:9      | You pick up a book of the Earth {forbidden} and begin
                  | reading...
 10617 | D:9      | Reached skill level 9 in Dodging
 10669 | D:9      | Found a staircase to the Orcish Mines.
 10680 | D:9      | Reached skill level 10 in Armour
 11164 | D:10     | Entered Level 10 of the Dungeon
 11164 | D:10     | Noticed a gargoyle
 11176 | D:10     | Killed a gargoyle
 11617 | D:10     | Noticed a two-headed ogre
 11648 | D:10     | Killed a two-headed ogre
 11649 | D:10     | Reached XP level 11. HP: 101/101 MP: 10/10
 11954 | D:10     | Found a shimmering altar of Xom.
 11992 | D:10     | magus.rc [v1.11.3]
 12013 | D:11     | Noticed a six-headed hydra
 12149 | Orc:1    | Entered Level 1 of the Orcish Mines
 12216 | Orc:1    | Reached skill level 11 in Fighting
 12286 | Orc:1    | Reached skill level 11 in Axes
 12294 | D:9      | HP: 22/102 [orc warrior/+0 glaive (9)]
 12299 | D:9      | HP: 23/102 [poisoned by a gnoll sergeant]
 12718 | Orc:2    | Entered Level 2 of the Orcish Mines
 12854 | Orc:2    | Found a staircase to the Elven Halls.
 12949 | Orc:2    | Reached skill level 10 in Dodging
 13114 | Orc:2    | Noticed an orc warlord
 13400 | Orc:1    | Killed an orc warlord
 13401 | Orc:1    | Reached skill level 11 in Armour
 13567 | Orc:2    | Reached **** piety under Trog
 13568 | Orc:2    | Found Weista Wume's General Store.
 13568 | Orc:2    | Noticed an orc knight
 13583 | Orc:2    | HP: 24/102 [barbs]
 13588 | Orc:2    | HP: 10/102 [barbs]
 13589 | Orc:2    | HP: 1/102 [orc warrior/+0 trident (12)]
 13925 | Orc:1    | Killed an orc knight
 14678 | Orc:2    | Found Koffe's Magic Scroll Boutique.
 14970 | Orc:2    | Reached skill level 12 in Fighting
 14978 | Orc:2    | Reached skill level 12 in Axes
 15096 | Orc:2    | Noticed an orc knight
 15096 | Orc:2    | Noticed an orc sorcerer
 15103 | Orc:2    | HP: 26/104 [orc priest/divine providence (14)]
 15124 | Orc:2    | Noticed a soul eater
 15124 | Orc:2    | HP: 16/102 [orc sorcerer/bolt of fire (18)]
 15127 | Orc:2    | HP: 4/102 [smoke demon/divine providence[an orc sorcerer]
                  | (12)]
 15128 | Orc:2    | Killed from afar by a smoke demon

Vanquished Creatures
  An orc warlord (Orc:1)
  A two-headed ogre (D:10)
  An orc knight (Orc:1)
  A gargoyle (D:10)
  An orange demon (Orc:2)
  An unseen horror (D:10)
  2 red devils (Orc:2)
  2 trolls (D:10)
  2 hornets
  Grinder (D:3)
  A dream sheep (D:9)
  Sigmund (D:4)
  2 wraiths
  10 yaks (D:9)
  2 steam dragons (D:8)
  5 wargs
  Edmund (D:4)
  3 water moccasins
  29 orc warriors
  2 sky beasts
  4 black bears
  An ice beast (D:5)
  3 ogres
  3 centaurs
  2 phantoms (D:6)
  A gnoll sergeant (Orc:1)
  3 kobold brigands
  A bullfrog (D:8)
  3 necrophages
  2 scorpions
  5 howler monkeys
  5 hounds
  12 orc priests
  A jelly (D:6)
  2 gnoll boudas
  10 orc wizards
  2 iguanas (D:4)
  17 gnolls
  9 adders
  An ufetubus (D:7)
  2 worms (D:2)
  3 dart slugs
  54 orcs
  7 endoplasms
  5 giant cockroaches
  8 goblins
  9 hobgoblins
  6 jackals
  4 quokkas
  9 ball pythons
  6 bats
  2 frilled lizards
  14 kobolds
  6 rats
291 creatures vanquished.

Vanquished Creatures (others)
  An orc wizard (Orc:2)
  10 fungi
  16 plants
27 creatures vanquished.

Grand Total: 318 creatures vanquished

Table legend:
 A = Non-vault XP
 B = Vault XP
 C = Vault XP percentage of total XP
 D = Non-vault monster count
 E = Vault monster count
 F = Vault count percentage of total count
                 A         B        C        D         E       F
            +---------+---------+-------+---------+---------+-------
      Total |   13683 |    5933 |  30.2 |     223 |      69 |  23.6
            +---------+---------+-------+---------+---------+-------
        D:1 |      58 |       4 |   6.5 |      33 |       2 |   5.7
        D:2 |      52 |       6 |  10.3 |      17 |       2 |  10.5
        D:3 |      84 |     307 |  78.5 |      14 |       9 |  39.1
        D:4 |     136 |     472 |  77.6 |       8 |       7 |  46.7
        D:5 |     560 |       0 |   0.0 |      15 |       0 |   0.0
        D:6 |    1216 |     178 |  12.8 |      18 |       4 |  18.2
        D:7 |    1371 |       0 |   0.0 |      19 |       0 |   0.0
        D:8 |     824 |      95 |  10.3 |      17 |       2 |  10.5
        D:9 |    3020 |     958 |  24.1 |      30 |       6 |  16.7
       D:10 |    2605 |       0 |   0.0 |      10 |       0 |   0.0
      Orc:1 |    2315 |     605 |  20.7 |      16 |       3 |  15.8
      Orc:2 |    1442 |    3308 |  69.6 |      26 |      34 |  56.7
            +---------+---------+-------+---------+---------+-------

Illustrated notes

Table legend:
 A = Kills in this place as a percentage of kills in entire the game.
 B = Kills by you in this place as a percentage of kills by you in the entire game.
 C = Kills by friends in this place as a percentage of kills by friends in the entire game.
 D = Other kills in this place as a percentage of other kills in the entire game.
 E = Experience gained in this place as a percentage of experience gained in the entire game.
 F = Experience gained in this place divided by the number of levels of this place that you have seen.
                   A       B       C       D       E      F
               +-------+-------+-------+-------+-------+----------------------
         Total | 100.0 | 100.0 |   N/A | 100.0 | 100.0 | 1401.1
       Dungeon |  72.9 |  73.2 |   N/A |   0.0 |  60.9 | 1086.0
  Orcish Mines |  27.1 |  26.8 |   N/A | 100.0 |  39.1 | 3835.0
               +-------+-------+-------+-------+-------+----------------------

Table legend: (Time is in decaauts)
 A = Elapsed time spent in this place.
 B = Non-inter-level travel time spent in this place.
 C = Inter-level travel time spent in this place.
 D = Time resting spent in this place.
 E = Time spent auto-exploring this place.
 F = Levels seen in this place.
 G = Mean time per level.
                   A        B        C        D        E       F      G
               +--------+--------+--------+--------+--------+-----+--------+
         Total |  15361 |  14883 |    478 |   2633 |   7322 |  14 | 1097.2 |
       Dungeon |  12581 |  12122 |    459 |   1433 |   7182 |  11 | 1143.7 |
        Temple |      9 |      9 |      0 |      0 |      0 |   1 |    9.0 |
  Orcish Mines |   2770 |   2752 |     18 |   1199 |    140 |   2 | 1385.0 |
               +--------+--------+--------+--------+--------+-----+--------+

Top non-repeatable levels by time:
     D:9: 1738 daAuts
     D:6: 1704 daAuts
     D:7: 1399 daAuts
   Orc:1: 1392 daAuts
   Orc:2: 1377 daAuts
     D:1: 1322 daAuts
     D:3: 1214 daAuts
     D:5: 1172 daAuts
     D:4: 1150 daAuts
     D:2: 1065 daAuts
    D:10: 966 daAuts
     D:8: 845 daAuts
  Temple: 9 daAuts
    D:11: 1 daAuts
